 Dungeon Crawl Stone Soup version 0.28.0-53-g5a82cb258f (webtiles) character file.

Game seed: 12774425744539077557

7538 DildoBatman the Artisan of Death (level 11, 0/79 HPs)
             Began as a Formicid Conjurer on June 24, 2022.
             Was a Priest of Kikubaaqudgha.
             Slain by a death yak (21 damage)
             ... on level 7 of the Dungeon.
             The game lasted 00:37:49 (10740 turns).

DildoBatman the Artisan of Death (FoCj)            Turns: 10740, Time: 00:37:50

Health: 0/79       AC: 11    Str: 18    XL:     11   Next: 39%
Magic:  15/21      EV: 12    Int: 18    God:    Kikubaaqudgha [***...]
Gold:   321        SH: 16    Dex: 13    Spells: 14/24 levels left

rFire   . . .      SeeInvis +   d - +5 flail (vorpal)
rCold   . . .      Faith    .   t - +5 kite shield of Qyw Hiloal {rPois}
rNeg    + . .      Spirit   .   j - +0 steam dragon scales
rPois   +          Reflect  .   (helmet unavailable)
rElec   .          Harm     .   w - +1 cloak {Stlth+}
rCorr   .          Rampage  .   (no gloves)
Will    +....                   M - +2 pair of boots
Stlth   +++.......              (no amulet)
HPRegen 0.23/turn               E - +6 ring of strength
MPRegen 0.17/turn               L - ring of positive energy

@: no status effects
A: permanent stasis, dig shafts and tunnels, antennae 3, four strong arms
a: Dig, Shaft Self, Renounce Religion, Receive Corpses


You were on level 7 of the Dungeon.
You worshipped Kikubaaqudgha.
Kikubaaqudgha was most pleased with you.
You visited 2 branches of the dungeon, and saw 11 of its levels.

You collected 321 gold pieces.

Inventory:

Hand Weapons
 a - a +0 great sword of holy wrath
 b - a +0 hunting sling of venom
 d - a +5 vorpal flail (weapon)
 e - a +1 mace of protection
 T - a +1 antimagic spear
 U - a +1 whip of electrocution
Missiles
 c - 257 stones
 f - 69 sling bullets
 k - 58 bolts
 n - 146 arrows
 q - 3 poisoned darts
 x - 2 throwing nets
 R - 6 atropa-tipped darts
 S - 5 boomerangs
Armour
 j - +0 steam dragon scales (worn)
 t - the +5 kite shield of Qyw Hiloal (worn) {rPois}
   (You found it on level 2 of the Dungeon)

   rPois:     It protects you from poison.
 w - a +1 cloak of stealth (worn)
 D - a +0 ring mail of willpower
 M - a +2 pair of boots (worn)
Jewellery
 E - a +6 ring of strength (left hand)
 L - a ring of positive energy (right hand)
 V - an amulet of the acrobat
 X - a ring of resist corrosion
Wands
 u - a wand of polymorph (11)
 y - a wand of acid (16)
 G - a wand of flame (50)
 K - a wand of iceblast (11)
 W - a wand of paralysis (1)
Scrolls
 h - a scroll of holy word {unknown}
 o - a scroll of amnesia
 p - 2 scrolls of enchant armour {unknown}
 s - 5 scrolls of fear {unknown}
 A - a scroll of vulnerability {unknown}
 H - 2 scrolls of noise {unknown}
 I - a scroll of brand weapon
 N - 2 scrolls of immolation {unknown}
 Q - 2 scrolls of fog {unknown}
Potions
 g - a potion of degeneration {unknown}
 i - 2 potions of attraction {unknown}
 l - 5 potions of curing
 m - a potion of cancellation {unknown}
 r - a potion of haste {unknown}
 v - 2 potions of magic {unknown}
 z - 6 potions of mutation {unknown}
 B - 2 potions of heal wounds {unknown}
 C - 2 potions of lignification {unknown}
 F - a potion of might {unknown}
 J - a potion of brilliance {unknown}
 O - a potion of flight {unknown}
 P - a potion of invisibility {unknown}


   Skills:
 - Level 5.0 Fighting
 - Level 6.0 Armour
 - Level 3.7 Dodging
 - Level 2.4 Stealth
 - Level 9.0 Shields
 - Level 7.0 Spellcasting
 - Level 6.0 Conjurations
 * Level 9.6 Necromancy


You had 14 spell levels left.
You knew the following spells:

 Your Spells              Type           Power      Damage    Failure   Level
a - Searing Ray           Conj           54%        2d6       2%          2
c - Magic Dart            Conj           100%       1d8       1%          1
d - Vampiric Draining     Necr           40%        2d8       1%          3
h - Dispel Undead         Necr           40%        3d16      4%          4

Your spell library contained the following spells:

 Spells                   Type           Power      Damage    Failure   Level
 Animate Skeleton         Necr           80%        N/A       1%          1
 Pain                     Necr           100%       1d9       1%          1
 Corpse Rot               Necr/Air       46%        N/A       4%          2
 Animate Dead             Necr           20%        N/A       4%          4
 Excruciating Wounds      Necr           20%        N/A       11%         5
 Dazzling Flash           Conj/Hex       34%        N/A       19%         3
 Summon Small Mammal      Summ           24%        N/A       21%         1
 Poisonous Vapours        Pois/Air       12%        N/A       30%         2
 Call Canine Familiar     Summ           6%         N/A       52%         3
 Inner Flame              Hex/Fire       6%         N/A       52%         3
 Summon Guardian Golem    Hex/Summ       6%         N/A       52%         3
 Fulminant Prism          Conj/Hex       8%         3d7       52%         4
 Iskenderun's Mystic Bla  Conj/Tloc      17%        2d5       52%         4
 Death Channel            Necr           20%        N/A       52%         6
 Cause Fear               Hex            3%         N/A       90%         4
 Summon Forest            Summ/Tloc      3%         N/A       99%         5
 Simulacrum               Ice/Necr       11%        N/A       99%         6
 Eringya's Noxious Bog    Tmut/Pois      3%         N/A       100%        6
 Summon Hydra             Summ           3%         N/A       100%        7
 Discord                  Hex            3%         N/A       100%        8


Dungeon Overview and Level Annotations

Branches:
Dungeon (10/15)            Temple (1/1) D:4            Lair (0/6) D:9
    Orc: D:9-12

Altars:
Ashenzari
Cheibriados
Dithmenos
Elyvilon
Fedhas
Gozag
Hepliaklqana
Kikubaaqudgha
Makhleb
Nemelex Xobeh
Okawaru
Qazlal
Ru
Sif Muna
Trog
Uskayaw
Vehumet
Xom
Yredelemnul
Zin
The Shining One

Annotations:
D:3 2 transporters, exclusion: orc warrior, H0rd4k's ghost, weakling HuAr
D:6 1 exclusion
D:8 exclusions: cyclops and 1 more exclusion
D:9 1 exclusion


Innate Abilities, Weirdness & Mutations

You cannot be hasted, slowed, berserked, paralysed or teleported.
You can dig through walls and to a lower floor.
You have a pair of large antennae on your head. (SInv)
Your four strong arms can wield two-handed weapons with a shield.


Message History

The death yak is heavily wounded.
The death yak looks more healthy.
The death yak gores you. The death yak barely misses you.
You barely miss the death yak.
The death yak is heavily wounded.
The death yak closely misses you.
You sock the death yak!
The death yak is severely wounded.
The death yak gores you. The death yak gores you!
You hit the death yak but do no damage.
The death yak is severely wounded.
You block the death yak's attack.
You hit the death yak.
The death yak is severely wounded.
You block the death yak's attack. x2
You hit the death yak but do no damage.
The death yak is severely wounded.
The death yak gores you but does no damage.
You hit the death yak but do no damage.
The death yak is severely wounded.
The death yak gores you. The death yak barely misses you.
You hit the death yak but do no damage.
The death yak is severely wounded.
You block the death yak's attack.
You hit the death yak.
The death yak is severely wounded.
You block the death yak's attack. The death yak gores you.
You hit the death yak.
The death yak is severely wounded.
The death yak gores you but does no damage.
You sock the death yak!
The death yak is almost dead.
The death yak gores you! The death yak gores you!!
You die...
Kikubaaqudgha rasps: "You have failed me!
Welcome... death!"

#.....######....#............
#.....#.........#.......#....
##....##..#.....##......#####
#######..##....######'##
#...##....##......#
##..##..[.........#
##..##............#
#...........((....#
#######....@Y>....(....#
##....##........##.....##
#......+........##.....##
#.....##..##............#
#.....##..##............#
#.........#.............#
#...>.....[.)...........#
#########################


You could see a death yak.

Vanquished Creatures
  2 two-headed ogres (D:9)
  Pikel (D:7)
  An elephant (D:9)
  Maurice (D:8)
  Joseph (D:9)
  Maggie (D:8)
  Prince Ribbit (D:5)
  Sigmund (D:2)
  4 yaks (D:9)
  A wyvern (D:9)
  2 basilisks (D:9)
  Edmund (D:5)
  Menkaure (D:5)
  A water moccasin (D:7)
  2 sky beasts
  2 orc warriors
  An ice beast (D:7)
  A hornet zombie (D:9)
  2 necrophages
  An ogre (D:5)
  3 centaurs
  3 lemures (D:8)
  2 phantoms
  A bullfrog (D:7)
  2 gnoll sergeants
  2 scorpions (D:5)
  2 water moccasin skeletons
  5 killer bees (D:9)
  A centaur zombie (D:8)
  2 jellies
  3 bullfrog skeletons
  3 orc priests
  Crazy Yiuf (D:3)
  A gnoll shaman (D:4)
  2 iguanas (D:5)
  Ijyb (D:5)
  Natasha (thrice) (D:2)
  7 orc wizards
  A scorpion zombie (D:5)
  2 howler monkey zombies (D:9)
  12 gnolls
  6 adders
  2 shadow imps
  2 adder skeletons
  9 worms
  A dart slug (D:2)
  37 orcs
  16 endoplasms
  4 giant cockroaches
  5 goblins
  7 hobgoblins
  10 jackals
  4 quokkas
  8 ball pythons
  7 bats
  2 frilled lizards
  20 kobolds
  2 rats
229 creatures vanquished.

Vanquished Creatures (others)
  9 fungi
  10 toadstools (D:2)
19 creatures vanquished.

Grand Total: 248 creatures vanquished

Notes
Turn   | Place    | Note
-------+----------+-------------------------------------------
     0 | D:1      | DildoBatman the Formicid Conjurer began the quest for the
                  | Orb.
     0 | D:1      | Reached XP level 1. HP: 13/13 MP: 3/3
   210 | D:1      | Reached XP level 2. HP: 19/19 MP: 1/5
   213 | D:1      | Learned a level 2 spell: Searing Ray
   779 | D:1      | Reached XP level 3. HP: 22/24 MP: 2/6
  1085 | D:2      | Noticed Natasha
  1519 | D:2      | Reached XP level 4. HP: 25/30 MP: 4/7
  1694 | D:2      | Noticed Sigmund
  1959 | D:3      | Found a white marble altar of Elyvilon.
  1965 | D:3      | Found a shadowy altar of Dithmenos.
  2143 | D:3      | Found a runed translucent door.
  2144 | D:3      | Noticed Crazy Yiuf
  2377 | D:3      | Reached XP level 5. HP: 35/35 MP: 4/8
  2406 | D:3      | Found a transporter.
  2410 | D:3      | Found the +9 sword of Zonguldrok {reap}
  2436 | D:3      | Reached skill level 5 in Conjurations
  2444 | D:3      | Noticed H0rd4k's ghost (weakling HuAr)
  2528 | D:3      | Found a transporter.
  3185 | D:4      | Noticed a phantom
  3276 | D:4      | Found a staircase to the Ecumenical Temple.
  3276 | D:4      | Noticed a centaur
  3285 | D:4      | Killed a centaur
  3286 | D:4      | Reached XP level 6. HP: 22/41 MP: 0/9
  3291 | Temple   | Entered the Ecumenical Temple
  3420 | Temple   | Became a worshipper of Kikubaaqudgha
  3522 | D:2      | Killed Natasha
  3722 | D:2      | Identified the +5 kite shield of Qyw Hiloal {rPois}
  3789 | D:2      | Killed Sigmund
  3790 | D:2      | Reached skill level 1 in Fighting
  3790 | D:2      | Reached skill level 1 in Armour
  3790 | D:2      | Reached XP level 7. HP: 49/49 MP: 7/11
  3839 | D:2      | Noticed Natasha
  3844 | D:2      | Killed Natasha
  3875 | D:2      | Noticed Natasha
  3879 | D:2      | Killed Natasha
  3879 | D:2      | Reached * piety under Kikubaaqudgha
  3879 | D:2      | Received a gift from Kikubaaqudgha
  3887 | D:2      | Learned a level 3 spell: Vampiric Draining
  4167 | D:3      | Killed Crazy Yiuf
  4398 | D:4      | Reached skill level 1 in Shields
  4443 | D:4      | Reached XP level 8. HP: 46/56 MP: 0/14
  4972 | D:5      | Entered Level 5 of the Dungeon
  4992 | D:5      | Noticed Edmund
  5024 | D:5      | Reached ** piety under Kikubaaqudgha
  5028 | D:5      | Killed Edmund
  5029 | D:5      | Reached skill level 5 in Shields
  5161 | D:5      | Noticed Ijyb
  5170 | D:5      | Killed Ijyb
  5220 | D:5      | Found a sparkling altar of Nemelex Xobeh.
  5293 | D:5      | Found a bloodstained altar of Trog.
  5423 | D:5      | Noticed Prince Ribbit
  5430 | D:5      | Killed Prince Ribbit
  5431 | D:5      | Reached XP level 9. HP: 59/61 MP: 7/15
  5443 | D:5      | You fall into a shaft and drop 2 floors!
  5454 | D:6      | Found a broken altar of Ashenzari.
  5950 | D:5      | Noticed Menkaure
  6203 | D:5      | Reached skill level 5 in Spellcasting
  6251 | D:5      | Killed Menkaure
  7752 | D:7      | Found a shimmering blue altar of Sif Muna.
  7973 | D:8      | Noticed Maggie
  8297 | D:8      | Killed Maggie
  8298 | D:8      | Reached XP level 10. HP: 29/73 MP: 20/20
  8508 | D:8      | Reached *** piety under Kikubaaqudgha
  8508 | D:8      | Received a gift from Kikubaaqudgha
  8528 | D:8      | Noticed Pikel
  8626 | D:7      | Killed Pikel
  8627 | D:7      | Reached skill level 5 in Fighting
  8667 | D:8      | Found a radiant altar of Vehumet.
  8695 | D:8      | Noticed a cyclops
  8721 | D:8      | Noticed Maurice
  8736 | D:8      | Killed Maurice
  9023 | D:9      | Found a blossoming altar of Fedhas.
  9023 | D:9      | Found a basalt altar of Yredelemnul.
  9135 | D:9      | Noticed a two-headed ogre
  9160 | D:9      | Killed a two-headed ogre
  9161 | D:9      | Reached skill level 5 in Necromancy
  9446 | D:9      | Reached XP level 11. HP: 50/79 MP: 16/21
  9521 | D:9      | Noticed Joseph
  9629 | D:9      | Killed Joseph
  9738 | D:9      | Found an opulent altar of Gozag.
  9782 | D:9      | Noticed a death yak
  9783 | D:9      | Noticed a two-headed ogre
  9788 | D:9      | Noticed an elephant
  9802 | D:9      | Killed a two-headed ogre
 10127 | D:9      | Killed an elephant
 10268 | D:9      | Found a staircase to the Lair.
 10481 | D:9      | Learned a level 4 spell: Dispel Undead
 10532 | D:10     | Entered Level 10 of the Dungeon
 10740 | D:7      | Slain by a death yak

Illustrated notes

Levels and vault maps discovered:
D:1:      erik_arrival_cave_to_civilisation [erik_arrival_cave_to_hall],
          layout_basic
D:2:      cheibrodos_fertilizer, layout_basic, minivault_19,
          hangedman_abyss_or_decor_stabs, uniq_sigmund, uniq_natasha
D:3:      layout_loops_corners, mainiacjoe_overflow_catch_the_wave,
          gammafunk_ghost_stat_death, kennysheep_generic_room_7,
          uniq_crazy_yiuf_cottage
D:4:      layout_cave_pools, minmay_temple_entry_hall
D:5:      cheibrodos_helix_gallery, layout_basic, mainiacjoe_overflow_alcove_4,
          mainiacjoe_overflow_catwalk, uniq_ijyb, uniq_prince_ribbit1,
          uniq_edmund, uniq_menkaure
D:6:      layout_layer_cave, ashenzari_altar_1
D:7:      minmay_clustersquares, layout_gridville, tgw_sif
D:8:      layout_cave_pools, vehumet_altar_wand_db, serial_rivers,
          chequers_serial_rivers_small_3, chequers_serial_rivers_micro_c,
          chequers_serial_rivers_micro_d, chequers_serial_rivers_small_a,
          uniq_maurice, uniq_pikel, uniq_maggie
D:9:      layout_long_grid, grunt_gozag_breadcrumbs, grunt_temple_overflow_open,
          david_lair_generic, evilmike_minifort, uniq_joseph
D:10:     layout_long_grid, overflow_temple_1_default, special_room
          [special_room_bee], serial_shops, nicolae_shop_stone, enter_trove_6,
          hangedman_feature_mirror, kennysheep_generic_room_6, uniq_nergalle
Temple:   jpeg_temple_clearing

Skill      XL: |  1  2  3  4  5  6  7  8  9 10 11 |
---------------+----------------------------------+-----
Dodging        | 2 3 |  3.7
Conjurations   | 4 5 6 |  6.0
Fighting       | 1 2 4 5 |  5.0
Armour         | 1 2 4 6 |  6.0
Spellcasting   | 4 7 |  7.0
Shields        | 2 8 9 |  9.0
Necromancy     | 6 9 |  9.6
Stealth        | |  2.4

Action                   |  1- 3 |  4- 6 |  7- 9 | 10-12 || total
-------------------------+-------+-------+-------+-------++-------
Melee: Whip              |     9 |       |       |       ||     9
       Punch             |     1 |     2 |       |       ||     3
       Short sword       |     5 |    38 |       |       ||    43
       Mace              |       |     3 |       |       ||     3
       Flail             |       |       |    20 |    37 ||    57
       Great sword       |       |       |       |     8 ||     8
 Fire: Hunting sling     |       |    92 |   163 |    74 ||   329
 Cast: Magic Dart        |    42 |    29 |     9 |       ||    80
       Searing Ray       |     9 |    18 |    55 |    28 ||   110
       Vampiric Draining |       |       |       |    23 ||    23
 Abil: Dig               |       |       |     1 |     3 ||     4
  Use: Potion            |     1 |       |       |       ||     1
       Scroll            |       |     5 |     1 |       ||     6
 Stab: Sleeping          |       |     3 |       |       ||     3
Armor: Robe              |    21 |    16 |    16 |       ||    53
       Skin              |       |     3 |       |       ||     3
       Steam dragon scal |       |       |       |    48 ||    48
Dodge: Dodged            |    25 |    43 |    51 |    50 ||   169
Block: Kite shield       |       |       |    74 |   142 ||   216
